[ AOE2 MATCH · #484103451 ]
UnrankedPersians vs Vietnamese
[ REPLAY ANALYSIS · EXTRACTED FROM THE RECORDED GAME ]
Feudal
8:25
Castle
22:34
Imperial
42:40
| APM avg | 65.5 |
| APM peak | 118 |
| eAPM avg | 29.4 |
| Villagers / military | 230 / 152 |
Focus
⚔️ 47.7% · 🌾 52.3%
Knight ×131 · Scout Cavalry ×19 · Monk ×2
Feudal
8:30
Castle
19:06
Imperial
40:00
| APM avg | 76.6 |
| APM peak | 206 |
| eAPM avg | 40.6 |
| Villagers / military | 252 / 144 |
Focus
⚔️ 47.3% · 🌾 52.7%
Camel Scout ×90 · Elephant Archer ×19 · Archer ×17 · Mangonel ×9 · Trebuchet (Packed) ×7 · Trade Cart ×5
Feudal
9:25
Castle
23:36
Imperial
40:05
| APM avg | 93.0 |
| APM peak | 159 |
| eAPM avg | 54.1 |
| Villagers / military | 192 / 360 |
Focus
⚔️ 64.0% · 🌾 36.0%
Ghulam ×318 · Archer ×33 · Trebuchet (Packed) ×7 · Monk ×1 · Spearman ×1
Feudal
7:46
Castle
18:55
Imperial
34:46
| APM avg | 78.5 |
| APM peak | 125 |
| eAPM avg | 38.3 |
| Villagers / military | 168 / 211 |
Focus
⚔️ 55.1% · 🌾 44.9%
Mangudai ×146 · Knight ×25 · Battering Ram ×17 · Trade Cart ×14 · Mangonel ×12 · Scout Cavalry ×4
Feudal
8:52
Castle
19:58
Imperial
37:53
| APM avg | 95.8 |
| APM peak | 174 |
| eAPM avg | 59.1 |
| Villagers / military | 151 / 276 |
Focus
⚔️ 74.3% · 🌾 25.7%
Camel Scout ×250 · Trade Cart ×18 · Knight ×14 · Scout Cavalry ×7 · Spearman ×5
Feudal
9:19
Castle
21:31
Imperial
37:29
| APM avg | 62.2 |
| APM peak | 103 |
| eAPM avg | 28.1 |
| Villagers / military | 155 / 343 |
Focus
⚔️ 44.5% · 🌾 55.5%
Cavalry Archer ×324 · Trade Cart ×22 · Scout Cavalry ×13 · Battle Elephant ×5 · Spearman ×1
Feudal
8:52
Castle
20:44
Imperial
33:08
| APM avg | 74.7 |
| APM peak | 117 |
| eAPM avg | 36.6 |
| Villagers / military | 216 / 224 |
Focus
⚔️ 53.2% · 🌾 46.8%
Archer ×210 · Bombard Cannon ×11 · Monk ×2 · Trebuchet (Packed) ×1
Feudal
9:16
Castle
21:44
Imperial
36:55
| APM avg | 89.9 |
| APM peak | 153 |
| eAPM avg | 53.7 |
| Villagers / military | 228 / 179 |
Focus
⚔️ 69.1% · 🌾 30.9%
Archer ×179 · Unknown (1942) ×23
Match map
Initial resources + every placement click. Lines = walls · curves = elevation contours. ◆ gold · ⬟ stone · ● berries · ✦ relic · ◌ wall gap
Your base· ✓ Closed at 22:34 · 34t walls · no gate
Oni.FreakinAndy's base· Open — 5t gap
Oni.TheViper's base· Open — 2t gap
Oni.TaToH's base· Open — 8t gap
Oni.JorDan_AoE's base· ✓ Closed at 19:58 · 29t walls · 1 gate(s)
Oni.DauT's base· ✓ Closed at 21:31 · 33t walls · no gate
Oni.Lewis's base· Open — 1t gap
Oni.dogao's base· Open — 4t gap
Smoothed initial terrain · ◌ = detected wall gap · hover for details
Inputs per minute
— Oni.miguel - - Oni.FreakinAndy
Build order — Oni.miguel
First 150 of 596 actions detected
| 0:00 | Create | Villager (Male) |
| 0:01 | Create | Villager (Male) |
| 0:02 | Build | House |
| 0:02 | Build | House |
| 0:16 | Create | Villager (Male) |
| 0:17 | Create | Villager (Male) |
| 0:27 | Create | Villager (Male) |
| 0:28 | Create | Villager (Male) |
| 1:23 | Create | Villager (Male) |
| 1:40 | Build | Lumber Camp |
| 2:02 | Create | Villager (Male) |
| 2:02 | Create | Villager (Male) |
| 2:15 | Create | Villager (Male) |
| 2:15 | Create | Villager (Male) |
| 2:58 | Create | Villager (Male) |
| 2:58 | Create | Villager (Male) |
| 3:14 | Build | House |
| 3:24 | Build | House |
| 3:51 | Create | Villager (Male) |
| 3:52 | Create | Villager (Male) |
| 4:17 | Create | Villager (Male) |
| 4:18 | Create | Villager (Male) |
| 4:32 | Build | Mill |
| 5:34 | Create | Villager (Male) |
| 5:34 | Research | Loom |
| 6:09 | Research | Feudal Age |
| 6:56 | Build | Barracks |
| 7:13 | Create | Villager (Male) |
| 7:24 | Build | House |
| 8:25 | Age | Feudal Age |
| 8:28 | Build | Stable |
| 8:30 | Research | Double-Bit Axe |
| 8:43 | Create | Villager (Male) |
| 8:50 | Research | Horse Collar |
| 9:12 | Create | Scout Cavalry |
| 9:13 | Create | Villager (Male) |
| 9:14 | Create | Villager (Male) |
| 9:14 | Create | Villager (Male) |
| 9:16 | Build | House |
| 9:20 | Build | Farm |
| 9:39 | Create | Scout Cavalry |
| 9:50 | Build | Farm |
| 9:54 | Build | House |
| 9:57 | Build | Palisade Wall |
| 9:58 | Build | Palisade Wall |
| 10:02 | Create | Villager (Male) |
| 10:03 | Create | Villager (Male) |
| 10:04 | Build | Farm |
| 10:13 | Create | Scout Cavalry |
| 10:17 | Build | Farm |
| 10:24 | Build | Palisade Wall |
| 10:26 | Create | Villager (Male) |
| 10:43 | Create | Villager (Male) |
| 10:44 | Build | Farm |
| 10:48 | Build | Palisade Wall |
| 10:50 | Build | Palisade Wall |
| 10:52 | Build | Palisade Wall |
| 11:06 | Create | Villager (Male) |
| 11:11 | Build | House |
| 11:16 | Build | Farm |
| 11:17 | Create | Scout Cavalry |
| 11:17 | Create | Scout Cavalry |
| 11:23 | Build | House |
| 11:36 | Create | Villager (Male) |
| 11:36 | Create | Villager (Male) |
| 11:45 | Build | House |
| 11:55 | Create | Scout Cavalry |
| 12:22 | Create | Villager (Male) |
| 12:24 | Create | Villager (Male) |
| 12:28 | Create | Scout Cavalry |
| 12:58 | Create | Villager (Male) |
| 12:59 | Create | Scout Cavalry |
| 13:01 | Build | Farm |
| 13:02 | Build | Farm |
| 13:02 | Build | Farm |
| 13:08 | Build | House |
| 13:18 | Build | Farm |
| 13:19 | Build | Farm |
| 13:25 | Create | Villager (Male) |
| 13:31 | Create | Scout Cavalry |
| 13:31 | Create | Scout Cavalry |
| 13:35 | Build | Mining Camp |
| 13:49 | Create | Villager (Male) |
| 13:55 | Build | House |
| 14:15 | Create | Villager (Male) |
| 14:18 | Create | Scout Cavalry |
| 14:35 | Build | House |
| 14:36 | Build | Palisade Wall |
| 14:37 | Build | House |
| 14:38 | Build | Palisade Wall |
| 14:41 | Create | Villager (Male) |
| 14:48 | Create | Scout Cavalry |
| 14:59 | Build | Palisade Wall |
| 15:06 | Build | Farm |
| 15:06 | Create | Villager (Male) |
| 15:07 | Build | Farm |
| 15:24 | Research | Bloodlines |
| 15:24 | Research | Bloodlines |
| 15:33 | Create | Villager (Male) |
| 15:37 | Build | Blacksmith |
| 15:49 | Build | Farm |
| 15:49 | Create | Villager (Male) |
| 16:16 | Create | Scout Cavalry |
| 16:21 | Create | Villager (Male) |
| 16:25 | Build | Lumber Camp |
| 16:45 | Create | Villager (Male) |
| 16:53 | Build | Farm |
| 16:54 | Build | Farm |
| 17:05 | Create | Villager (Male) |
| 17:06 | Build | Farm |
| 17:14 | Build | Farm |
| 17:23 | Create | Scout Cavalry |
| 17:27 | Research | Scale Barding Armor |
| 17:35 | Create | Villager (Male) |
| 18:03 | Create | Villager (Male) |
| 18:22 | Create | Villager (Male) |
| 18:23 | Build | Farm |
| 18:24 | Build | Farm |
| 18:26 | Build | Farm |
| 18:27 | Build | Farm |
| 18:41 | Create | Villager (Male) |
| 18:43 | Build | Lumber Camp |
| 18:46 | Build | Farm |
| 18:53 | Research | Wheelbarrow |
| 18:53 | Research | Wheelbarrow |
| 19:01 | Build | Farm |
| 19:30 | Build | House |
| 19:32 | Build | House |
| 19:37 | Build | Farm |
| 19:50 | Create | Villager (Male) |
| 20:08 | Research | Castle Age |
| 20:08 | Research | Castle Age |
| 20:24 | Build | Stable |
| 20:48 | Research | Gold Mining |
| 20:53 | Build | Stable |
| 20:54 | Create | Scout Cavalry |
| 21:08 | Research | Forging |
| 21:08 | Research | Forging |
| 21:27 | Create | Scout Cavalry |
| 21:40 | Create | Scout Cavalry |
| 21:52 | Create | Scout Cavalry |
| 21:52 | Create | Scout Cavalry |
| 22:34 | Age | Castle Age |
| 22:37 | Create | Knight |
| 22:37 | Create | Knight |
| 22:37 | Create | Knight |
| 22:49 | Create | Villager (Male) |
| 22:56 | Create | Knight |
| 22:57 | Create | Knight |
| 22:59 | Research | Gold Shaft Mining |
Build order — Oni.FreakinAndy
First 150 of 674 actions detected
| 0:00 | Create | Villager (Male) |
| 0:00 | Create | Villager (Male) |
| 0:01 | Build | House |
| 0:11 | Create | Villager (Male) |
| 0:11 | Create | Villager (Male) |
| 0:51 | Build | Mill |
| 1:24 | Create | Villager (Male) |
| 1:24 | Create | Villager (Male) |
| 1:43 | Build | House |
| 2:00 | Create | Villager (Male) |
| 2:10 | Build | House |
| 2:14 | Create | Villager (Male) |
| 2:45 | Create | Villager (Male) |
| 3:19 | Create | Villager (Male) |
| 3:19 | Create | Villager (Male) |
| 3:26 | Create | Villager (Male) |
| 3:30 | Build | Lumber Camp |
| 3:59 | Create | Villager (Male) |
| 3:59 | Create | Villager (Male) |
| 4:22 | Create | Villager (Male) |
| 4:22 | Create | Villager (Male) |
| 4:42 | Create | Villager (Male) |
| 4:56 | Create | Villager (Male) |
| 5:11 | Research | Loom |
| 5:39 | Build | Mining Camp |
| 5:45 | Build | House |
| 6:20 | Research | Feudal Age |
| 6:21 | Research | Feudal Age |
| 7:09 | Build | Barracks |
| 7:14 | Create | Villager (Male) |
| 7:54 | Build | House |
| 8:30 | Age | Feudal Age |
| 8:31 | Build | Archery Range |
| 8:33 | Research | Double-Bit Axe |
| 8:42 | Create | Spearman |
| 8:57 | Build | House |
| 9:00 | Create | Villager (Male) |
| 9:00 | Create | Villager (Male) |
| 9:14 | Create | Spearman |
| 9:18 | Create | Archer |
| 9:22 | Create | Archer |
| 9:32 | Create | Villager (Male) |
| 9:32 | Create | Villager (Male) |
| 9:35 | Build | House |
| 9:37 | Create | Archer |
| 9:53 | Build | House |
| 10:14 | Create | Villager (Male) |
| 10:16 | Build | Blacksmith |
| 10:30 | Create | Archer |
| 10:32 | Create | Villager (Male) |
| 10:58 | Create | Archer |
| 11:10 | Create | Villager (Male) |
| 11:12 | Create | Villager (Male) |
| 11:13 | Build | Farm |
| 11:14 | Build | Farm |
| 11:20 | Build | Farm |
| 11:24 | Build | Farm |
| 11:29 | Create | Archer |
| 11:41 | Create | Archer |
| 11:43 | Build | Palisade Wall |
| 11:45 | Create | Villager (Male) |
| 11:49 | Create | Villager (Male) |
| 11:53 | Build | House |
| 11:58 | Build | Palisade Wall |
| 12:34 | Create | Archer |
| 12:38 | Research | Fletching |
| 12:38 | Research | Fletching |
| 12:39 | Create | Villager (Male) |
| 12:42 | Create | Villager (Male) |
| 12:44 | Build | Farm |
| 12:46 | Build | Farm |
| 12:55 | Build | House |
| 13:09 | Create | Archer |
| 13:11 | Create | Villager (Male) |
| 13:12 | Build | House |
| 13:13 | Build | House |
| 13:24 | Create | Villager (Male) |
| 13:28 | Build | House |
| 13:29 | Build | Palisade Gate |
| 13:35 | Build | Palisade Wall |
| 13:58 | Create | Villager (Male) |
| 14:07 | Create | Archer |
| 14:09 | Create | Villager (Male) |
| 14:29 | Build | House |
| 14:38 | Create | Villager (Male) |
| 14:55 | Build | House |
| 14:57 | Build | House |
| 15:02 | Build | House |
| 15:24 | Build | Farm |
| 15:43 | Build | Stone Wall |
| 15:44 | Build | Stone Wall |
| 15:49 | Create | Villager (Male) |
| 15:49 | Create | Villager (Male) |
| 15:52 | Build | Stone Wall |
| 15:54 | Build | Stone Wall |
| 16:26 | Research | Castle Age |
| 16:26 | Research | Castle Age |
| 16:28 | Build | Lumber Camp |
| 16:34 | Create | Archer |
| 17:07 | Build | Market |
| 17:10 | Build | House |
| 17:15 | Build | Stone Wall |
| 17:15 | Create | Villager (Male) |
| 17:18 | Research | Padded Archer Armor |
| 17:18 | Research | Padded Archer Armor |
| 17:34 | Create | Archer |
| 18:10 | Build | Market |
| 18:37 | Research | Gold Mining |
| 18:47 | Build | House |
| 19:06 | Age | Castle Age |
| 19:10 | Build | Town Center |
| 19:14 | Research | Crossbowman (upgrade) |
| 19:25 | Create | Villager (Male) |
| 19:31 | Research | Horse Collar |
| 19:42 | Create | Villager (Male) |
| 19:42 | Create | Villager (Male) |
| 19:45 | Build | University |
| 19:59 | Build | Farm |
| 20:07 | Create | Villager (Male) |
| 20:08 | Create | Villager (Male) |
| 20:24 | Create | Villager (Male) |
| 20:26 | Build | Farm |
| 20:27 | Build | Farm |
| 20:40 | Create | Villager (Male) |
| 20:53 | Research | Ballistics |
| 20:53 | Research | Ballistics |
| 21:11 | Create | Villager (Male) |
| 21:11 | Create | Villager (Male) |
| 21:23 | Create | Villager (Male) |
| 21:23 | Create | Villager (Male) |
| 21:28 | Build | Siege Workshop |
| 21:31 | Create | Villager (Male) |
| 21:42 | Build | House |
| 21:51 | Research | Bodkin Arrow |
| 21:51 | Research | Bodkin Arrow |
| 22:00 | Build | Farm |
| 22:01 | Build | Farm |
| 22:14 | Create | Villager (Male) |
| 22:15 | Create | Villager (Male) |
| 22:20 | Create | Villager (Male) |
| 22:20 | Build | Farm |
| 22:21 | Create | Villager (Male) |
| 22:21 | Create | Villager (Male) |
| 22:23 | Create | Archer |
| 22:23 | Create | Archer |
| 22:35 | Create | Archer |
| 22:35 | Create | Archer |
| 22:41 | Create | Villager (Male) |
| 23:04 | Create | Archer |
| 23:09 | Create | Villager (Male) |
Build order — Oni.TheViper
First 150 of 743 actions detected
| 0:00 | Create | Villager (Male) |
| 0:01 | Create | Villager (Male) |
| 0:02 | Build | House |
| 0:02 | Build | House |
| 0:08 | Create | Villager (Male) |
| 0:08 | Create | Villager (Male) |
| 1:09 | Create | Villager (Male) |
| 1:29 | Create | Villager (Male) |
| 1:47 | Build | Lumber Camp |
| 2:00 | Create | Villager (Male) |
| 2:17 | Create | Villager (Male) |
| 2:47 | Create | Villager (Male) |
| 3:01 | Create | Villager (Male) |
| 3:28 | Create | Villager (Male) |
| 3:48 | Build | House |
| 3:54 | Create | Villager (Male) |
| 4:47 | Create | Villager (Male) |
| 5:00 | Create | Villager (Male) |
| 5:44 | Create | Villager (Male) |
| 6:07 | Research | Loom |
| 6:25 | Build | Palisade Wall |
| 6:28 | Build | Palisade Wall |
| 6:45 | Create | Villager (Male) |
| 6:55 | Build | Mining Camp |
| 7:15 | Research | Feudal Age |
| 7:15 | Research | Feudal Age |
| 7:24 | Build | Barracks |
| 8:08 | Build | House |
| 8:09 | Build | Palisade Wall |
| 8:37 | Create | Villager (Male) |
| 8:44 | Build | House |
| 8:57 | Create | Villager (Male) |
| 9:13 | Build | Palisade Wall |
| 9:22 | Create | Villager (Male) |
| 9:25 | Age | Feudal Age |
| 9:28 | Build | Archery Range |
| 9:35 | Build | Archery Range |
| 9:37 | Create | Villager (Male) |
| 9:40 | Build | House |
| 9:48 | Build | House |
| 9:49 | Build | Palisade Wall |
| 9:51 | Research | Double-Bit Axe |
| 10:20 | Build | House |
| 10:20 | Build | House |
| 10:22 | Build | House |
| 10:23 | Create | Spearman |
| 10:26 | Create | Villager (Male) |
| 10:26 | Create | Archer |
| 10:27 | Create | Archer |
| 10:33 | Build | House |
| 10:41 | Create | Archer |
| 10:42 | Create | Archer |
| 11:10 | Create | Archer |
| 11:12 | Create | Archer |
| 11:16 | Create | Villager (Male) |
| 11:33 | Create | Villager (Male) |
| 11:39 | Build | Blacksmith |
| 11:47 | Create | Archer |
| 11:48 | Create | Archer |
| 12:11 | Create | Archer |
| 12:16 | Build | Mill |
| 12:21 | Research | Fletching |
| 12:38 | Create | Archer |
| 12:58 | Create | Archer |
| 13:03 | Build | House |
| 13:05 | Create | Archer |
| 13:30 | Create | Archer |
| 13:30 | Create | Villager (Male) |
| 13:48 | Create | Villager (Male) |
| 13:50 | Build | Farm |
| 13:51 | Build | Farm |
| 13:52 | Build | House |
| 14:00 | Create | Archer |
| 14:00 | Create | Archer |
| 14:02 | Create | Villager (Male) |
| 14:03 | Build | House |
| 14:03 | Build | House |
| 14:05 | Build | House |
| 14:17 | Create | Archer |
| 14:22 | Create | Villager (Male) |
| 14:42 | Create | Villager (Male) |
| 14:46 | Create | Archer |
| 14:50 | Build | Farm |
| 14:53 | Create | Archer |
| 14:56 | Build | House |
| 14:57 | Build | House |
| 15:00 | Build | Palisade Gate |
| 15:07 | Create | Villager (Male) |
| 15:21 | Create | Archer |
| 15:21 | Create | Villager (Male) |
| 15:35 | Create | Archer |
| 15:47 | Create | Archer |
| 15:53 | Build | Farm |
| 15:53 | Create | Villager (Male) |
| 16:01 | Build | Farm |
| 16:03 | Build | Farm |
| 16:05 | Build | Farm |
| 16:08 | Create | Archer |
| 16:12 | Create | Villager (Male) |
| 16:18 | Research | Padded Archer Armor |
| 16:34 | Create | Archer |
| 16:42 | Create | Archer |
| 16:42 | Create | Archer |
| 16:43 | Create | Villager (Male) |
| 16:46 | Create | Villager (Male) |
| 16:59 | Build | Farm |
| 16:59 | Build | Farm |
| 17:06 | Create | Archer |
| 17:11 | Build | Farm |
| 17:14 | Create | Villager (Male) |
| 17:34 | Create | Villager (Male) |
| 17:36 | Create | Archer |
| 17:50 | Create | Archer |
| 17:55 | Create | Archer |
| 18:00 | Create | Archer |
| 18:03 | Build | House |
| 18:04 | Build | House |
| 18:07 | Build | House |
| 18:10 | Build | Palisade Wall |
| 18:12 | Build | Palisade Wall |
| 18:13 | Build | Palisade Wall |
| 18:14 | Build | Palisade Wall |
| 18:15 | Create | Villager (Male) |
| 18:16 | Create | Archer |
| 18:16 | Create | Archer |
| 18:27 | Create | Villager (Male) |
| 18:30 | Create | Villager (Male) |
| 18:30 | Create | Archer |
| 18:33 | Create | Villager (Male) |
| 18:54 | Build | Market |
| 19:10 | Build | Mining Camp |
| 19:26 | Build | Farm |
| 19:34 | Build | Lumber Camp |
| 20:01 | Build | Gate |
| 20:07 | Build | House |
| 20:07 | Build | House |
| 20:10 | Build | House |
| 20:14 | Create | Villager (Male) |
| 20:17 | Build | House |
| 20:17 | Build | House |
| 20:18 | Build | House |
| 20:19 | Build | House |
| 20:21 | Build | House |
| 20:21 | Build | House |
| 20:22 | Build | House |
| 20:56 | Research | Castle Age |
| 20:56 | Research | Castle Age |
| 21:08 | Build | House |
| 21:08 | Build | House |
| 21:29 | Research | Horse Collar |
Build order — Oni.TaToH
First 150 of 563 actions detected
| 0:02 | Create | Villager (Male) ×4 |
| 0:02 | Create | Villager (Male) ×4 |
| 0:02 | Build | House |
| 0:03 | Build | House |
| 1:26 | Create | Villager (Male) |
| 1:52 | Create | Villager (Male) |
| 2:18 | Create | Villager (Male) |
| 2:20 | Build | Lumber Camp |
| 2:36 | Create | Villager (Male) |
| 2:36 | Create | Villager (Male) |
| 2:57 | Create | Villager (Male) |
| 3:10 | Create | Villager (Male) |
| 3:50 | Create | Villager (Male) |
| 3:54 | Build | House |
| 4:07 | Create | Villager (Male) |
| 4:22 | Create | Villager (Male) |
| 4:30 | Build | Mill |
| 5:36 | Research | Feudal Age |
| 7:07 | Build | Barracks |
| 7:46 | Age | Feudal Age |
| 7:48 | Create | Villager (Male) |
| 7:58 | Research | Double-Bit Axe |
| 8:04 | Create | Villager (Male) |
| 8:17 | Create | Villager (Male) |
| 8:21 | Build | Stable |
| 8:34 | Build | House |
| 8:44 | Create | Villager (Male) |
| 9:10 | Create | Scout Cavalry |
| 9:12 | Build | House |
| 9:18 | Create | Scout Cavalry |
| 9:19 | Create | Villager (Male) |
| 9:25 | Build | Farm |
| 9:36 | Create | Villager (Male) |
| 9:37 | Build | House |
| 9:39 | Build | Palisade Gate |
| 9:43 | Build | Gate |
| 9:46 | Create | Villager (Male) |
| 9:47 | Build | Farm |
| 9:52 | Build | Farm |
| 9:54 | Create | Scout Cavalry |
| 9:59 | Build | Palisade Wall |
| 10:24 | Build | Farm |
| 10:30 | Create | Scout Cavalry |
| 10:32 | Build | House |
| 10:34 | Create | Villager (Male) |
| 10:52 | Create | Villager (Male) |
| 11:00 | Build | Palisade Wall |
| 11:03 | Build | House |
| 11:19 | Build | Farm |
| 11:32 | Create | Villager (Male) |
| 11:36 | Build | House |
| 11:37 | Build | Palisade Wall |
| 11:46 | Create | Villager (Male) |
| 11:48 | Build | Farm |
| 11:50 | Build | Farm |
| 12:01 | Create | Villager (Male) |
| 12:07 | Build | Palisade Wall |
| 12:09 | Build | Palisade Wall |
| 12:12 | Create | Villager (Male) |
| 12:16 | Build | Mining Camp |
| 12:38 | Create | Villager (Male) |
| 12:39 | Build | Farm |
| 12:50 | Build | Farm |
| 13:16 | Create | Villager (Male) |
| 13:26 | Build | Farm |
| 13:29 | Build | Farm |
| 13:38 | Research | Wheelbarrow |
| 14:12 | Build | Blacksmith |
| 14:40 | Create | Villager (Male) |
| 14:48 | Build | Farm |
| 14:52 | Build | Lumber Camp |
| 14:59 | Research | Loom |
| 15:16 | Build | Farm |
| 15:35 | Build | Farm |
| 15:46 | Create | Villager (Male) |
| 15:55 | Build | Farm |
| 16:15 | Research | Castle Age |
| 16:17 | Build | Stable |
| 16:42 | Research | Horse Collar |
| 16:47 | Build | Lumber Camp |
| 17:00 | Research | Bloodlines |
| 17:00 | Research | Bloodlines |
| 17:23 | Build | Farm |
| 17:33 | Research | Scale Barding Armor |
| 17:54 | Build | Farm |
| 17:55 | Build | Farm |
| 18:07 | Build | Farm |
| 18:40 | Build | Farm |
| 18:40 | Create | Villager (Male) |
| 18:50 | Create | Villager (Male) |
| 18:55 | Age | Castle Age |
| 18:55 | Create | Knight |
| 18:56 | Create | Knight |
| 18:57 | Research | Bow Saw |
| 18:57 | Create | Villager (Male) |
| 19:20 | Create | Villager (Male) |
| 19:26 | Build | Town Center |
| 19:27 | Create | Knight |
| 19:45 | Research | Husbandry |
| 19:56 | Create | Knight |
| 19:59 | Create | Villager (Male) |
| 20:23 | Create | Villager (Male) |
| 20:47 | Create | Knight |
| 20:47 | Create | Knight |
| 21:04 | Create | Villager (Male) |
| 21:06 | Build | Town Center |
| 21:26 | Create | Villager (Male) |
| 21:27 | Create | Knight |
| 21:27 | Create | Knight |
| 21:32 | Create | Villager (Male) |
| 21:34 | Create | Villager (Male) |
| 21:36 | Build | Farm |
| 21:37 | Build | Farm |
| 21:44 | Create | Villager (Male) |
| 21:58 | Create | Villager (Male) |
| 22:02 | Create | Knight |
| 22:02 | Create | Knight |
| 22:20 | Create | Villager (Male) |
| 22:22 | Create | Villager (Male) |
| 22:25 | Create | Villager (Male) |
| 22:27 | Build | House |
| 22:28 | Build | House |
| 22:33 | Build | Farm |
| 22:34 | Build | Farm |
| 22:34 | Build | Farm |
| 22:42 | Create | Knight |
| 22:57 | Create | Villager (Male) |
| 23:03 | Create | Villager (Male) |
| 23:05 | Create | Knight |
| 23:05 | Create | Villager (Male) |
| 23:05 | Create | Villager (Male) |
| 23:08 | Create | Villager (Male) |
| 23:10 | Build | Farm |
| 23:15 | Research | Stone Mining |
| 23:16 | Create | Villager (Male) |
| 23:38 | Create | Villager (Male) |
| 23:40 | Create | Villager (Male) |
| 23:48 | Create | Villager (Male) |
| 23:51 | Create | Villager (Male) |
| 23:53 | Build | Farm |
| 23:56 | Create | Villager (Male) |
| 23:56 | Build | Farm |
| 23:57 | Build | Farm |
| 24:09 | Research | Gold Mining |
| 24:13 | Build | Farm |
| 24:13 | Create | Villager (Male) |
| 24:15 | Create | Villager (Male) |
| 24:17 | Build | House |
| 24:17 | Build | House |
| 24:21 | Build | Farm |
Build order — Oni.JorDan_AoE
First 150 of 661 actions detected
| 0:02 | Create | Villager (Male) |
| 0:02 | Create | Villager (Male) |
| 0:02 | Create | Villager (Male) |
| 0:02 | Create | Villager (Male) |
| 0:02 | Build | House |
| 0:03 | Build | House |
| 1:28 | Create | Villager (Male) |
| 1:28 | Create | Villager (Male) |
| 1:54 | Build | Lumber Camp |
| 1:59 | Create | Villager (Male) |
| 1:59 | Create | Villager (Male) |
| 1:59 | Create | Villager (Male) |
| 2:15 | Create | Villager (Male) |
| 2:15 | Create | Villager (Male) |
| 2:15 | Create | Villager (Male) |
| 2:47 | Create | Villager (Male) |
| 3:01 | Create | Villager (Male) |
| 3:34 | Create | Villager (Male) |
| 3:35 | Create | Villager (Male) |
| 3:51 | Build | House |
| 4:04 | Create | Villager (Male) |
| 4:04 | Create | Villager (Male) |
| 4:16 | Create | Villager (Male) |
| 4:18 | Build | Mill |
| 4:24 | Build | House |
| 4:44 | Build | Palisade Wall |
| 4:54 | Create | Villager (Male) |
| 4:54 | Create | Villager (Male) |
| 4:54 | Create | Villager (Male) |
| 5:21 | Research | Loom |
| 6:42 | Research | Feudal Age |
| 6:53 | Build | Lumber Camp |
| 7:27 | Create | Villager (Male) |
| 8:04 | Build | Barracks |
| 8:52 | Age | Feudal Age |
| 8:54 | Create | Villager (Male) |
| 8:55 | Build | Market |
| 9:19 | Create | Spearman |
| 9:22 | Create | Villager (Male) |
| 9:31 | Build | Stable |
| 9:37 | Build | Stable |
| 9:44 | Create | Villager (Male) |
| 9:47 | Build | House |
| 9:55 | Build | Palisade Gate |
| 9:58 | Build | House |
| 10:05 | Create | Spearman |
| 10:21 | Create | Scout Cavalry |
| 10:23 | Research | Double-Bit Axe |
| 10:29 | Create | Villager (Male) |
| 10:36 | Create | Villager (Male) |
| 10:48 | Create | Scout Cavalry |
| 10:59 | Create | Villager (Male) |
| 11:09 | Build | Farm |
| 11:09 | Build | Farm |
| 11:11 | Research | Horse Collar |
| 11:11 | Research | Horse Collar |
| 11:17 | Build | Farm |
| 11:18 | Build | House |
| 11:38 | Create | Villager (Male) |
| 11:46 | Build | Farm |
| 11:48 | Build | Farm |
| 11:48 | Build | Farm |
| 11:59 | Build | House |
| 11:59 | Build | House |
| 12:07 | Create | Scout Cavalry |
| 12:07 | Create | Scout Cavalry |
| 12:30 | Build | Farm |
| 12:31 | Build | Farm |
| 12:42 | Create | Villager (Male) |
| 12:42 | Create | Villager (Male) |
| 12:47 | Build | House |
| 13:04 | Create | Villager (Male) |
| 13:05 | Create | Villager (Male) |
| 13:13 | Create | Scout Cavalry |
| 13:14 | Build | Farm |
| 13:15 | Build | Farm |
| 13:16 | Build | Farm |
| 13:24 | Build | House |
| 13:26 | Build | Palisade Wall |
| 13:28 | Create | Villager (Male) |
| 13:30 | Build | Palisade Wall |
| 13:40 | Build | Farm |
| 13:48 | Create | Scout Cavalry |
| 13:48 | Create | Scout Cavalry |
| 13:57 | Create | Villager (Male) |
| 14:12 | Build | Farm |
| 14:14 | Create | Villager (Male) |
| 14:17 | Build | Mining Camp |
| 14:47 | Create | Villager (Male) |
| 14:47 | Create | Villager (Male) |
| 15:10 | Build | Blacksmith |
| 15:19 | Create | Villager (Male) |
| 15:37 | Build | Farm |
| 15:43 | Create | Villager (Male) |
| 15:58 | Build | Farm |
| 15:59 | Create | Villager (Male) |
| 16:31 | Build | Farm |
| 16:48 | Create | Villager (Male) |
| 17:16 | Research | Castle Age |
| 17:35 | Create | Spearman |
| 17:46 | Research | Gold Mining |
| 17:53 | Build | Stable |
| 18:08 | Research | Forging |
| 18:13 | Create | Villager (Male) |
| 18:15 | Build | Farm |
| 18:41 | Research | Scale Barding Armor |
| 18:46 | Create | Spearman |
| 19:08 | Research | Bloodlines |
| 19:35 | Build | Farm |
| 19:42 | Create | Spearman |
| 19:55 | Create | Villager (Male) |
| 19:58 | Age | Castle Age |
| 19:59 | Build | Town Center |
| 19:59 | Create | Knight |
| 20:03 | Create | Knight |
| 20:22 | Research | Wheelbarrow |
| 20:27 | Research | Bow Saw |
| 20:31 | Create | Knight |
| 20:52 | Create | Villager (Male) |
| 20:54 | Create | Knight |
| 21:04 | Build | Farm |
| 21:05 | Create | Knight |
| 21:19 | Create | Villager (Male) |
| 21:32 | Build | Farm |
| 21:36 | Create | Villager (Male) |
| 21:41 | Create | Knight |
| 21:54 | Create | Knight |
| 21:57 | Create | Villager (Male) |
| 21:59 | Build | Farm |
| 22:00 | Build | Farm |
| 22:20 | Create | Knight |
| 22:23 | Create | Villager (Male) |
| 22:23 | Create | Villager (Male) |
| 22:31 | Research | Chain Barding Armor |
| 22:39 | Create | Villager (Male) |
| 22:43 | Create | Villager (Male) |
| 22:57 | Create | Knight |
| 23:07 | Create | Knight |
| 23:09 | Create | Villager (Male) |
| 23:11 | Build | Farm |
| 23:38 | Create | Villager (Male) |
| 23:41 | Build | House |
| 23:42 | Create | Villager (Male) |
| 23:44 | Build | House |
| 23:45 | Build | House |
| 23:48 | Create | Villager (Male) |
| 23:55 | Build | Town Center |
| 23:56 | Create | Villager (Male) |
| 24:09 | Build | Farm |
| 24:10 | Build | Farm |
Build order — Oni.DauT
First 150 of 575 actions detected
| 0:01 | Create | Villager (Male) ×4 |
| 0:02 | Build | House |
| 0:03 | Build | House |
| 1:27 | Create | Villager (Male) |
| 1:27 | Create | Villager (Male) |
| 1:48 | Build | Lumber Camp |
| 1:59 | Create | Villager (Male) |
| 2:21 | Create | Villager (Male) |
| 2:22 | Create | Villager (Male) |
| 2:40 | Build | House |
| 2:44 | Build | House |
| 2:46 | Create | Villager (Male) |
| 3:05 | Create | Villager (Male) |
| 3:06 | Create | Villager (Male) |
| 3:39 | Create | Villager (Male) |
| 3:55 | Create | Villager (Male) |
| 4:22 | Create | Villager (Male) |
| 4:33 | Create | Villager (Male) |
| 4:33 | Create | Villager (Male) |
| 4:43 | Build | Mill |
| 4:52 | Create | Villager (Male) |
| 5:30 | Create | Villager (Male) |
| 5:32 | Build | House |
| 6:15 | Create | Villager (Male) |
| 6:43 | Research | Loom |
| 6:43 | Research | Loom |
| 6:58 | Build | Lumber Camp |
| 7:09 | Research | Feudal Age |
| 7:14 | Build | Palisade Wall |
| 8:21 | Build | Barracks |
| 8:23 | Create | Villager (Male) |
| 8:36 | Build | House |
| 8:54 | Build | Palisade Wall |
| 9:19 | Age | Feudal Age |
| 9:22 | Build | Stable |
| 9:23 | Create | Villager (Male) |
| 9:26 | Research | Double-Bit Axe |
| 9:26 | Research | Double-Bit Axe |
| 9:31 | Build | Palisade Wall |
| 9:32 | Build | Palisade Wall |
| 9:34 | Create | Villager (Male) |
| 9:40 | Research | Horse Collar |
| 9:40 | Research | Horse Collar |
| 9:53 | Build | Palisade Wall |
| 9:59 | Build | Farm |
| 10:06 | Create | Scout Cavalry |
| 10:13 | Create | Villager (Male) |
| 10:23 | Create | Scout Cavalry |
| 10:30 | Create | Villager (Male) |
| 10:35 | Build | Farm |
| 10:40 | Build | Palisade Wall |
| 10:43 | Build | Palisade Wall |
| 10:46 | Create | Scout Cavalry |
| 10:52 | Build | House |
| 10:58 | Build | Farm |
| 11:02 | Create | Villager (Male) |
| 11:03 | Build | Farm |
| 11:18 | Build | House |
| 11:26 | Create | Scout Cavalry |
| 11:37 | Create | Villager (Male) |
| 11:47 | Build | Farm |
| 11:58 | Create | Villager (Male) |
| 12:17 | Create | Scout Cavalry |
| 12:24 | Build | House |
| 12:26 | Create | Scout Cavalry |
| 12:43 | Create | Villager (Male) |
| 12:51 | Create | Scout Cavalry |
| 13:00 | Build | Farm |
| 13:00 | Build | Farm |
| 13:00 | Build | Farm |
| 13:01 | Build | Farm |
| 13:10 | Build | Farm |
| 13:17 | Build | Farm |
| 13:25 | Create | Scout Cavalry |
| 13:28 | Build | Farm |
| 13:32 | Create | Villager (Male) |
| 13:45 | Create | Villager (Male) |
| 13:47 | Build | Farm |
| 13:48 | Build | Farm |
| 13:55 | Build | House |
| 13:59 | Create | Scout Cavalry |
| 14:06 | Create | Villager (Male) |
| 14:07 | Build | Mining Camp |
| 14:15 | Create | Scout Cavalry |
| 14:26 | Create | Villager (Male) |
| 14:45 | Build | House |
| 14:54 | Build | Farm |
| 15:04 | Create | Villager (Male) |
| 15:11 | Build | Farm |
| 15:13 | Build | Farm |
| 15:16 | Create | Villager (Male) |
| 15:20 | Create | Scout Cavalry |
| 15:48 | Research | Wheelbarrow |
| 15:57 | Research | Bloodlines |
| 15:57 | Research | Bloodlines |
| 16:15 | Build | Farm |
| 16:31 | Create | Villager (Male) |
| 16:42 | Create | Scout Cavalry |
| 16:46 | Build | Blacksmith |
| 16:59 | Create | Villager (Male) |
| 17:02 | Create | Scout Cavalry |
| 17:08 | Create | Spearman |
| 17:17 | Create | Villager (Male) |
| 17:22 | Create | Villager (Male) |
| 17:33 | Build | Farm |
| 17:52 | Create | Villager (Male) |
| 17:58 | Research | Scale Barding Armor |
| 18:15 | Create | Villager (Male) |
| 18:20 | Create | Villager (Male) |
| 18:25 | Create | Villager (Male) |
| 18:51 | Research | Castle Age |
| 19:15 | Research | Gold Mining |
| 19:30 | Build | Archery Range |
| 19:52 | Build | Archery Range |
| 20:21 | Create | Villager (Male) |
| 20:24 | Research | Fletching |
| 20:25 | Research | Fletching |
| 20:25 | Research | Padded Archer Armor |
| 20:44 | Build | Archery Range |
| 21:31 | Age | Castle Age |
| 21:33 | Create | Cavalry Archer |
| 21:33 | Create | Cavalry Archer |
| 21:33 | Create | Cavalry Archer |
| 21:40 | Build | Town Center |
| 21:43 | Research | Bow Saw |
| 21:44 | Research | Bow Saw |
| 21:46 | Research | Bodkin Arrow |
| 21:46 | Research | Bodkin Arrow |
| 21:48 | Create | Villager (Male) |
| 21:52 | Build | Town Center |
| 21:58 | Create | Villager (Male) |
| 22:00 | Create | Villager (Male) |
| 22:02 | Create | Cavalry Archer |
| 22:07 | Research | Husbandry |
| 22:07 | Research | Husbandry |
| 22:09 | Create | Villager (Male) |
| 22:15 | Research | Heavy Plow |
| 22:15 | Research | Heavy Plow |
| 22:19 | Create | Cavalry Archer |
| 22:27 | Create | Villager (Male) |
| 22:30 | Create | Villager (Male) |
| 22:36 | Create | Cavalry Archer |
| 22:37 | Create | Cavalry Archer |
| 22:37 | Create | Cavalry Archer |
| 22:39 | Create | Villager (Male) |
| 22:40 | Create | Villager (Male) |
| 22:57 | Create | Villager (Male) |
| 23:09 | Create | Villager (Male) |
| 23:20 | Create | Cavalry Archer |
| 23:20 | Create | Cavalry Archer |
Build order — Oni.Lewis
First 150 of 625 actions detected
| 0:00 | Create | Villager (Male) |
| 0:01 | Create | Villager (Male) |
| 0:02 | Build | House |
| 0:02 | Build | House |
| 0:06 | Create | Villager (Male) |
| 0:17 | Create | Villager (Male) |
| 1:07 | Create | Villager (Male) |
| 1:19 | Build | Lumber Camp |
| 2:09 | Create | Villager (Male) |
| 2:31 | Create | Villager (Male) |
| 2:47 | Create | Villager (Male) |
| 3:12 | Build | House |
| 3:13 | Build | House |
| 3:20 | Create | Villager (Male) |
| 3:48 | Create | Villager (Male) |
| 4:05 | Build | Palisade Wall |
| 4:12 | Create | Villager (Male) |
| 4:15 | Create | Villager (Male) |
| 4:40 | Create | Villager (Male) |
| 4:47 | Create | Villager (Male) |
| 4:59 | Build | House |
| 5:06 | Create | Villager (Male) |
| 5:10 | Build | House |
| 5:15 | Create | Villager (Male) |
| 5:20 | Build | Mining Camp |
| 5:33 | Create | Villager (Male) |
| 6:27 | Create | Villager (Male) |
| 7:07 | Research | Loom |
| 7:19 | Research | Feudal Age |
| 7:31 | Build | Barracks |
| 7:46 | Build | House |
| 7:54 | Create | Villager (Male) |
| 8:47 | Create | Villager (Male) |
| 8:52 | Age | Feudal Age |
| 8:53 | Build | Archery Range |
| 9:03 | Build | Archery Range |
| 9:09 | Create | Villager (Male) |
| 9:18 | Create | Villager (Male) |
| 9:46 | Create | Archer |
| 9:57 | Create | Archer |
| 10:04 | Build | Blacksmith |
| 10:05 | Create | Archer |
| 10:08 | Create | Villager (Male) |
| 10:21 | Create | Archer |
| 10:21 | Create | Archer |
| 10:28 | Research | Double-Bit Axe |
| 10:28 | Research | Double-Bit Axe |
| 10:29 | Create | Archer |
| 10:37 | Build | House |
| 10:42 | Create | Villager (Male) |
| 10:43 | Create | Archer |
| 10:43 | Create | Archer |
| 11:12 | Create | Archer |
| 11:15 | Create | Villager (Male) |
| 11:22 | Build | Mill |
| 11:30 | Research | Fletching |
| 11:56 | Create | Archer |
| 11:56 | Create | Villager (Male) |
| 12:08 | Create | Archer |
| 12:21 | Create | Villager (Male) |
| 12:27 | Create | Archer |
| 12:33 | Create | Villager (Male) |
| 12:38 | Build | Farm |
| 12:39 | Build | Farm |
| 12:48 | Create | Archer |
| 13:00 | Create | Villager (Male) |
| 13:01 | Build | Farm |
| 13:01 | Build | Farm |
| 13:03 | Build | House |
| 13:12 | Build | House |
| 13:27 | Create | Archer |
| 13:29 | Create | Villager (Male) |
| 13:44 | Create | Archer |
| 13:45 | Create | Villager (Male) |
| 13:48 | Create | Villager (Male) |
| 13:52 | Build | House |
| 13:52 | Build | House |
| 13:53 | Build | House |
| 13:59 | Create | Archer |
| 14:07 | Research | Padded Archer Armor |
| 14:13 | Create | Archer |
| 14:19 | Create | Villager (Male) |
| 14:28 | Create | Archer |
| 14:30 | Create | Villager (Male) |
| 14:38 | Create | Archer |
| 14:45 | Build | Farm |
| 14:58 | Create | Villager (Male) |
| 14:58 | Create | Villager (Male) |
| 15:07 | Build | Lumber Camp |
| 15:11 | Build | Palisade Wall |
| 15:20 | Create | Archer |
| 15:22 | Build | Palisade Wall |
| 15:23 | Build | Palisade Wall |
| 15:48 | Create | Archer |
| 15:49 | Create | Villager (Male) |
| 15:50 | Build | House |
| 15:51 | Build | House |
| 15:53 | Create | Archer |
| 15:54 | Create | Archer |
| 15:55 | Create | Villager (Male) |
| 15:55 | Create | Villager (Male) |
| 15:56 | Create | Villager (Male) |
| 15:58 | Create | Archer |
| 16:05 | Create | Villager (Male) |
| 16:07 | Create | Archer |
| 16:15 | Create | Villager (Male) |
| 16:17 | Create | Villager (Male) |
| 16:17 | Create | Villager (Male) |
| 16:19 | Build | Farm |
| 16:39 | Create | Archer |
| 16:42 | Create | Villager (Male) |
| 16:49 | Create | Villager (Male) |
| 17:01 | Create | Archer |
| 17:08 | Build | Market |
| 17:09 | Create | Archer |
| 17:12 | Create | Villager (Male) |
| 17:18 | Build | Farm |
| 17:19 | Build | Farm |
| 17:40 | Create | Archer |
| 17:43 | Create | Villager (Male) |
| 18:01 | Create | Archer |
| 18:05 | Create | Villager (Male) |
| 18:19 | Create | Archer |
| 18:23 | Create | Villager (Male) |
| 18:24 | Create | Villager (Male) |
| 18:24 | Build | Farm |
| 18:26 | Build | Farm |
| 18:27 | Create | Archer |
| 19:08 | Research | Castle Age |
| 19:09 | Research | Castle Age |
| 19:16 | Build | Mining Camp |
| 19:30 | Build | Farm |
| 19:30 | Build | Farm |
| 19:31 | Create | Archer |
| 19:35 | Build | House |
| 19:36 | Build | Palisade Wall |
| 19:43 | Build | Farm |
| 19:44 | Build | Farm |
| 20:00 | Research | Gold Mining |
| 20:02 | Create | Archer |
| 20:05 | Create | Villager (Male) |
| 20:10 | Create | Villager (Male) |
| 20:13 | Build | House |
| 20:14 | Build | Palisade Wall |
| 20:18 | Create | Archer |
| 20:28 | Create | Archer |
| 20:30 | Create | Villager (Male) |
| 20:44 | Age | Castle Age |
| 20:55 | Build | University |
| 20:58 | Research | Crossbowman (upgrade) |
Build order — Oni.dogao
First 150 of 660 actions detected
| 0:01 | Create | Villager (Male) ×4 |
| 0:03 | Build | House |
| 0:04 | Build | House |
| 1:30 | Create | Villager (Male) |
| 1:30 | Create | Villager (Male) |
| 1:46 | Create | Villager (Male) |
| 1:46 | Create | Villager (Male) |
| 1:51 | Build | Lumber Camp |
| 2:14 | Create | Villager (Male) |
| 2:14 | Create | Villager (Male) |
| 2:49 | Create | Villager (Male) |
| 2:49 | Create | Villager (Male) |
| 3:06 | Create | Villager (Male) |
| 3:06 | Create | Villager (Male) |
| 3:36 | Create | Villager (Male) |
| 3:36 | Create | Villager (Male) |
| 3:54 | Build | House |
| 4:05 | Create | Villager (Male) |
| 4:05 | Create | Villager (Male) |
| 4:06 | Create | Villager (Male) |
| 4:06 | Create | Villager (Male) |
| 4:34 | Build | Mill |
| 4:53 | Create | Villager (Male) |
| 4:54 | Create | Villager (Male) |
| 4:54 | Create | Villager (Male) |
| 6:15 | Create | Villager (Male) |
| 6:15 | Research | Loom |
| 7:01 | Research | Feudal Age |
| 7:01 | Research | Feudal Age |
| 7:41 | Build | Lumber Camp |
| 8:22 | Build | Barracks |
| 8:37 | Build | Palisade Wall |
| 8:47 | Build | Mining Camp |
| 8:53 | Build | Palisade Wall |
| 9:04 | Create | Villager (Male) |
| 9:04 | Create | Villager (Male) |
| 9:16 | Age | Feudal Age |
| 9:21 | Build | House |
| 9:27 | Build | Archery Range |
| 9:40 | Build | Palisade Wall |
| 9:45 | Build | Palisade Wall |
| 10:03 | Create | Archer |
| 10:04 | Create | Villager (Male) |
| 10:04 | Create | Villager (Male) |
| 10:05 | Build | Palisade Wall |
| 10:06 | Build | Palisade Wall |
| 10:18 | Create | Archer |
| 10:28 | Build | House |
| 10:29 | Build | House |
| 10:31 | Create | Villager (Male) |
| 10:31 | Create | Villager (Male) |
| 10:34 | Build | House |
| 10:35 | Build | Palisade Wall |
| 10:59 | Create | Villager (Male) |
| 11:00 | Create | Villager (Male) |
| 11:08 | Create | Archer |
| 11:08 | Create | Archer |
| 11:32 | Build | Palisade Wall |
| 11:44 | Create | Archer |
| 12:06 | Research | Double-Bit Axe |
| 12:06 | Research | Double-Bit Axe |
| 12:17 | Build | Archery Range |
| 12:31 | Create | Villager (Male) |
| 12:31 | Create | Villager (Male) |
| 12:47 | Build | Farm |
| 12:48 | Build | Farm |
| 13:00 | Create | Archer |
| 13:00 | Create | Archer |
| 13:11 | Build | Palisade Wall |
| 13:12 | Build | Palisade Wall |
| 13:14 | Create | Villager (Male) |
| 13:15 | Build | Farm |
| 13:20 | Create | Archer |
| 13:20 | Create | Archer |
| 13:21 | Create | Archer |
| 13:34 | Build | Farm |
| 13:43 | Create | Archer |
| 13:43 | Create | Archer |
| 13:44 | Create | Villager (Male) |
| 13:44 | Create | Villager (Male) |
| 13:48 | Build | House |
| 14:03 | Create | Villager (Male) |
| 14:03 | Create | Villager (Male) |
| 14:05 | Build | Farm |
| 14:11 | Build | Palisade Wall |
| 14:19 | Build | Farm |
| 14:21 | Build | House |
| 14:23 | Create | Archer |
| 14:23 | Create | Archer |
| 14:26 | Create | Villager (Male) |
| 14:26 | Create | Villager (Male) |
| 14:26 | Create | Villager (Male) |
| 14:43 | Build | Farm |
| 14:47 | Build | House |
| 14:53 | Create | Villager (Male) |
| 14:55 | Create | Archer |
| 14:55 | Create | Archer |
| 15:01 | Build | House |
| 15:12 | Create | Villager (Male) |
| 15:32 | Build | Blacksmith |
| 15:33 | Build | Palisade Wall |
| 15:41 | Create | Villager (Male) |
| 15:41 | Create | Villager (Male) |
| 15:41 | Create | Villager (Male) |
| 15:44 | Build | House |
| 15:57 | Create | Archer |
| 15:57 | Create | Archer |
| 16:08 | Build | Farm |
| 16:17 | Research | Fletching |
| 16:17 | Research | Fletching |
| 16:21 | Build | Farm |
| 16:28 | Create | Archer |
| 16:29 | Create | Archer |
| 16:30 | Create | Villager (Male) |
| 16:37 | Build | House |
| 16:44 | Create | Villager (Male) |
| 17:00 | Build | Market |
| 17:08 | Create | Archer |
| 17:09 | Create | Archer |
| 17:14 | Build | Farm |
| 17:31 | Create | Villager (Male) |
| 17:32 | Create | Archer |
| 17:33 | Create | Archer |
| 17:38 | Build | Farm |
| 17:51 | Build | House |
| 17:51 | Build | House |
| 17:59 | Create | Villager (Male) |
| 18:01 | Create | Archer |
| 18:02 | Create | Archer |
| 18:09 | Build | House |
| 18:10 | Build | House |
| 18:27 | Create | Villager (Male) |
| 18:45 | Build | House |
| 18:46 | Build | House |
| 19:04 | Research | Castle Age |
| 19:04 | Research | Castle Age |
| 19:06 | Create | Archer |
| 19:06 | Create | Archer |
| 19:06 | Create | Archer |
| 19:18 | Build | Farm |
| 19:25 | Build | House |
| 19:25 | Build | House |
| 19:30 | Create | Archer |
| 19:30 | Create | Archer |
| 19:31 | Build | House |
| 19:32 | Build | House |
| 19:48 | Research | Gold Mining |
| 19:48 | Research | Gold Mining |
| 19:48 | Research | Gold Mining |
| 20:00 | Create | Archer |
Match timeline
| 4:05 | Oni.Lewis · wall_segment Palisade Wall x7 |
| 4:44 | Oni.JorDan_AoE · wall_segment Palisade Wall x2 |
| 6:25 | Oni.TheViper · wall_segment Palisade Wall x6 |
| 6:28 | Oni.TheViper · wall_segment Palisade Wall x3 |
| 6:56 | Oni.miguel · first_building Barracks |
| 7:07 | Oni.TaToH · first_building Barracks |
| 7:09 | Oni.FreakinAndy · first_building Barracks |
| 7:14 | Oni.DauT · wall_segment Palisade Wall x3 |
| 7:24 | Oni.TheViper · first_building Barracks |
| 7:31 | Oni.Lewis · first_building Barracks |
| 7:46 | Oni.TaToH · age_up feudal |
| 8:04 | Oni.JorDan_AoE · first_building Barracks |
| 8:09 | Oni.TheViper · wall_segment Palisade Wall x1 |
| 8:21 | Oni.DauT · first_building Barracks |
| 8:21 | Oni.TaToH · first_building Stable |
| 8:22 | Oni.dogao · first_building Barracks |
| 8:25 | Oni.miguel · age_up feudal |
| 8:28 | Oni.miguel · first_building Stable |
| 8:30 | Oni.FreakinAndy · age_up feudal |
| 8:31 | Oni.FreakinAndy · first_building Archery Range |
| 8:37 | Oni.dogao · wall_segment Palisade Wall x1 |
| 8:52 | Oni.JorDan_AoE · age_up feudal |
| 8:52 | Oni.Lewis · age_up feudal |
| 8:53 | Oni.Lewis · first_building Archery Range |
| 8:53 | Oni.dogao · wall_segment Palisade Wall x1 |
| 8:54 | Oni.DauT · wall_segment Palisade Wall x3 |
| 9:13 | Oni.TheViper · wall_segment Palisade Wall x10 |
| 9:16 | Oni.dogao · age_up feudal |
| 9:19 | Oni.DauT · age_up feudal |
| 9:22 | Oni.DauT · first_building Stable |
| 9:25 | Oni.TheViper · age_up feudal |
| 9:27 | Oni.dogao · first_building Archery Range |
| 9:28 | Oni.TheViper · first_building Archery Range |
| 9:31 | Oni.DauT · wall_segment Palisade Wall x6 |
| 9:31 | Oni.JorDan_AoE · first_building Stable |
| 9:32 | Oni.DauT · wall_segment Palisade Wall x1 |
| 9:40 | Oni.dogao · wall_segment Palisade Wall x9 |
| 9:45 | Oni.dogao · wall_segment Palisade Wall x9 |
| 9:49 | Oni.TheViper · wall_segment Palisade Wall x1 |
| 9:53 | Oni.DauT · wall_segment Palisade Wall x8 |
| 9:57 | Oni.miguel · wall_segment Palisade Wall x3 |
| 9:58 | Oni.miguel · wall_segment Palisade Wall x5 |
| 9:59 | Oni.TaToH · wall_segment Palisade Wall x6 |
| 10:05 | Oni.dogao · wall_segment Palisade Wall x1 |
| 10:06 | Oni.dogao · wall_segment Palisade Wall x1 |
| 10:16 | Oni.JorDan_AoE · first_market_sell 100 stone |
| 10:17 | Oni.JorDan_AoE · first_market_buy 100 food |
| 10:24 | Oni.miguel · wall_segment Palisade Wall x11 |
| 10:35 | Oni.dogao · wall_segment Palisade Wall x1 |
| 10:40 | Oni.DauT · wall_segment Palisade Wall x11 |
| 10:43 | Oni.DauT · wall_segment Palisade Wall x1 |
| 10:48 | Oni.miguel · wall_segment Palisade Wall x5 |
| 10:50 | Oni.miguel · wall_segment Palisade Wall x6 |
| 10:52 | Oni.miguel · wall_segment Palisade Wall x1 |
| 11:00 | Oni.TaToH · wall_segment Palisade Wall x12 |
| 11:32 | Oni.dogao · wall_segment Palisade Wall x5 |
| 11:37 | Oni.TaToH · wall_segment Palisade Wall x1 |
| 11:43 | Oni.FreakinAndy · wall_segment Palisade Wall x1 |
| 11:58 | Oni.FreakinAndy · wall_segment Palisade Wall x8 |
| 12:07 | Oni.TaToH · wall_segment Palisade Wall x7 |
| 12:09 | Oni.TaToH · wall_segment Palisade Wall x2 |
| 13:11 | Oni.dogao · wall_segment Palisade Wall x1 |
| 13:12 | Oni.dogao · wall_segment Palisade Wall x9 |
| 13:26 | Oni.JorDan_AoE · wall_segment Palisade Wall x17 |
| 13:30 | Oni.JorDan_AoE · wall_segment Palisade Wall x10 |
| 13:35 | Oni.FreakinAndy · wall_segment Palisade Wall x10 |
| 14:11 | Oni.dogao · wall_segment Palisade Wall x1 |
| 14:36 | Oni.miguel · wall_segment Palisade Wall x1 |
| 14:38 | Oni.miguel · wall_segment Palisade Wall x1 |
| 14:59 | Oni.miguel · wall_segment Palisade Wall x1 |
| 15:11 | Oni.Lewis · wall_segment Palisade Wall x5 |
| 15:22 | Oni.Lewis · wall_segment Palisade Wall x1 |
| 15:23 | Oni.Lewis · wall_segment Palisade Wall x5 |
| 15:33 | Oni.dogao · wall_segment Palisade Wall x1 |
| 15:43 | Oni.FreakinAndy · wall_segment Stone Wall x5 |
| 15:44 | Oni.FreakinAndy · wall_segment Stone Wall x3 |
| 15:52 | Oni.FreakinAndy · wall_segment Stone Wall x5 |
| 15:54 | Oni.FreakinAndy · wall_segment Stone Wall x6 |
| 17:15 | Oni.FreakinAndy · wall_segment Stone Wall x1 |
| 17:45 | Oni.dogao · first_market_sell 500 stone |
| 17:46 | Oni.dogao · first_market_buy 100 food |
| 18:10 | Oni.TheViper · wall_segment Palisade Wall x1 |
| 18:12 | Oni.TheViper · wall_segment Palisade Wall x1 |
| 18:13 | Oni.TheViper · wall_segment Palisade Wall x1 |
| 18:14 | Oni.TheViper · wall_segment Palisade Wall x1 |
| 18:55 | Oni.TaToH · age_up castle |
| 18:55 | Oni.Lewis · first_market_sell 500 stone |
| 18:56 | Oni.Lewis · first_market_buy 100 food |
| 19:06 | Oni.FreakinAndy · age_up castle |
| 19:23 | Oni.FreakinAndy · first_market_buy 100 food |
| 19:30 | Oni.DauT · first_building Archery Range |
| 19:36 | Oni.Lewis · wall_segment Palisade Wall x1 |
| 19:45 | Oni.TheViper · first_market_buy 100 food |
| 19:58 | Oni.JorDan_AoE · age_up castle |
| 20:14 | Oni.Lewis · wall_segment Palisade Wall x8 |
| 20:39 | Oni.dogao · wall_segment Palisade Wall x1 |
| 20:44 | Oni.Lewis · age_up castle |
| 20:46 | Oni.TheViper · first_market_sell 100 wood |
| 21:18 | Oni.Lewis · wall_segment Palisade Wall x1 |
| 21:28 | Oni.FreakinAndy · first_building Siege Workshop |
| 21:31 | Oni.DauT · age_up castle |
| 21:44 | Oni.dogao · age_up castle |
| 22:05 | Oni.Lewis · wall_segment Palisade Wall x1 |
| 22:25 | Oni.Lewis · wall_segment Palisade Wall x1 |
| 22:27 | Oni.Lewis · wall_segment Palisade Wall x1 |
| 22:27 | Oni.Lewis · wall_segment Palisade Wall x1 |
| 22:34 | Oni.miguel · age_up castle |
| 23:36 | Oni.TheViper · age_up castle |
| 23:38 | Oni.TheViper · first_building Castle |
| 23:42 | Oni.TheViper · first_building Monastery |
| 24:24 | Oni.FreakinAndy · wall_segment Stone Wall x1 |
| 24:28 | Oni.FreakinAndy · wall_segment Stone Wall x1 |
| 24:35 | Oni.FreakinAndy · wall_segment Stone Wall x1 |
| 24:36 | Oni.FreakinAndy · wall_segment Stone Wall x1 |
| 25:16 | Oni.DauT · wall_segment Palisade Wall x1 |
| 25:23 | Oni.FreakinAndy · wall_segment Stone Wall x1 |
| 26:44 | Oni.Lewis · first_building Monastery |
| 27:10 | Oni.FreakinAndy · wall_segment Palisade Wall x1 |
| 27:38 | Oni.Lewis · wall_segment Palisade Wall x1 |
| 27:43 | Oni.Lewis · wall_segment Palisade Wall x1 |
| 28:10 | Oni.Lewis · wall_segment Palisade Wall x1 |
| 28:56 | Oni.TaToH · first_building Castle |
| 30:11 | Oni.miguel · first_building Monastery |
| 31:26 | Oni.FreakinAndy · first_building Stable |
| 31:26 | Oni.TaToH · first_market_sell 100 food |
| 32:50 | Oni.dogao · wall_segment Palisade Wall x1 |
| 33:08 | Oni.Lewis · age_up imperial |
| 33:12 | Oni.dogao · first_building Monastery |
| 33:26 | Oni.TaToH · first_building Archery Range |
| 33:27 | Oni.dogao · first_building Castle |
| 33:28 | Oni.DauT · first_market_sell 100 wood |
| 33:39 | Oni.FreakinAndy · wall_segment Stone Wall x1 |
| 33:44 | Oni.DauT · first_building Monastery |
| 33:45 | Oni.TaToH · first_market_buy 100 wood |
| 33:53 | Oni.JorDan_AoE · first_building Monastery |
| 34:14 | Oni.FreakinAndy · first_building Castle |
| 34:46 | Oni.TaToH · age_up imperial |
| 34:53 | Oni.dogao · first_building Siege Workshop |
| 35:21 | Oni.TaToH · first_building Monastery |
| 36:55 | Oni.dogao · age_up imperial |
| 37:29 | Oni.DauT · age_up imperial |
| 37:53 | Oni.JorDan_AoE · age_up imperial |
| 39:07 | Oni.FreakinAndy · wall_segment Stone Wall x1 |
| 39:08 | Oni.Lewis · first_building Castle |
| 39:08 | Oni.FreakinAndy · wall_segment Stone Wall x1 |
| 39:08 | Oni.FreakinAndy · wall_segment Stone Wall x1 |
| 39:08 | Oni.FreakinAndy · wall_segment Stone Wall x1 |
| 39:09 | Oni.FreakinAndy · wall_segment Stone Wall x1 |
| 39:09 | Oni.FreakinAndy · wall_segment Stone Wall x1 |
| 39:14 | Oni.Lewis · tribute_sent a jugador 1 |
| 39:14 | Oni.Lewis · tribute_sent a jugador 2 |
| 39:14 | Oni.Lewis · tribute_sent a jugador 3 |
| 39:14 | Oni.Lewis · tribute_sent a jugador 4 |
| 39:14 | Oni.Lewis · tribute_sent a jugador 5 |
| 39:14 | Oni.Lewis · tribute_sent a jugador 7 |
| 39:14 | Oni.Lewis · tribute_sent a jugador 8 |
| 39:18 | Oni.JorDan_AoE · tribute_sent a jugador 1 |
| 39:18 | Oni.JorDan_AoE · tribute_sent a jugador 2 |
| 39:18 | Oni.JorDan_AoE · tribute_sent a jugador 3 |
| 39:18 | Oni.JorDan_AoE · tribute_sent a jugador 5 |
| 39:18 | Oni.JorDan_AoE · tribute_sent a jugador 6 |
| 39:18 | Oni.JorDan_AoE · tribute_sent a jugador 7 |
| 39:18 | Oni.JorDan_AoE · tribute_sent a jugador 8 |
| 39:23 | Oni.miguel · first_building Siege Workshop |
| 40:00 | Oni.FreakinAndy · age_up imperial |
| 40:05 | Oni.TheViper · age_up imperial |
| 40:36 | Oni.TaToH · first_building Siege Workshop |
| 40:42 | Oni.Lewis · first_building Siege Workshop |
| 40:49 | Oni.FreakinAndy · first_market_sell 100 stone |
| 41:16 | Oni.FreakinAndy · wall_segment Stone Wall x1 |
| 41:18 | Oni.miguel · first_market_sell 100 food |
| 41:18 | Oni.miguel · first_market_buy 100 stone |
| 41:25 | Oni.miguel · first_building Castle |
| 41:38 | Oni.JorDan_AoE · first_building Castle |
| 42:28 | Oni.FreakinAndy · wall_segment Stone Wall x1 |
| 42:40 | Oni.miguel · age_up imperial |
| 44:21 | Oni.JorDan_AoE · tribute_sent a jugador 1 |
| 44:21 | Oni.JorDan_AoE · tribute_sent a jugador 2 |
| 44:21 | Oni.JorDan_AoE · tribute_sent a jugador 3 |
| 44:21 | Oni.JorDan_AoE · tribute_sent a jugador 5 |
| 44:21 | Oni.JorDan_AoE · tribute_sent a jugador 6 |
| 44:21 | Oni.JorDan_AoE · tribute_sent a jugador 7 |
| 44:21 | Oni.JorDan_AoE · tribute_sent a jugador 8 |
| 45:10 | Oni.DauT · first_building Castle |
| 45:27 | Oni.Lewis · wall_segment Stone Wall x10 |
| 45:48 | Oni.JorDan_AoE · tribute_sent a jugador 1 |
| 45:48 | Oni.JorDan_AoE · tribute_sent a jugador 2 |
| 45:48 | Oni.JorDan_AoE · tribute_sent a jugador 3 |
| 45:48 | Oni.JorDan_AoE · tribute_sent a jugador 5 |
| 45:48 | Oni.JorDan_AoE · tribute_sent a jugador 6 |
| 45:48 | Oni.JorDan_AoE · tribute_sent a jugador 7 |
| 45:48 | Oni.JorDan_AoE · tribute_sent a jugador 8 |
| 46:16 | Oni.Lewis · wall_segment Stone Wall x6 |
| 46:19 | Oni.Lewis · wall_segment Stone Wall x13 |
| 46:35 | Oni.dogao · wall_segment Stone Wall x9 |
| 47:13 | Oni.JorDan_AoE · tribute_sent a jugador 1 |
| 47:13 | Oni.JorDan_AoE · tribute_sent a jugador 2 |
| 47:13 | Oni.JorDan_AoE · tribute_sent a jugador 3 |
| 47:13 | Oni.JorDan_AoE · tribute_sent a jugador 5 |
| 47:13 | Oni.JorDan_AoE · tribute_sent a jugador 6 |
| 47:13 | Oni.JorDan_AoE · tribute_sent a jugador 7 |
| 47:13 | Oni.JorDan_AoE · tribute_sent a jugador 8 |
| 47:25 | Oni.JorDan_AoE · tribute_sent a jugador 1 |
| 47:25 | Oni.JorDan_AoE · tribute_sent a jugador 2 |
| 47:25 | Oni.JorDan_AoE · tribute_sent a jugador 3 |
| 47:25 | Oni.JorDan_AoE · tribute_sent a jugador 5 |
| 47:25 | Oni.JorDan_AoE · tribute_sent a jugador 6 |
| 47:25 | Oni.JorDan_AoE · tribute_sent a jugador 7 |
| 47:25 | Oni.JorDan_AoE · tribute_sent a jugador 8 |
| 47:27 | Oni.dogao · wall_segment Stone Wall x1 |
| 47:49 | Oni.dogao · wall_segment Stone Wall x1 |
| 47:50 | Oni.dogao · wall_segment Stone Wall x1 |
| 50:26 | Oni.JorDan_AoE · tribute_sent a jugador 1 |
| 50:26 | Oni.JorDan_AoE · tribute_sent a jugador 2 |
| 50:26 | Oni.JorDan_AoE · tribute_sent a jugador 3 |
| 50:26 | Oni.JorDan_AoE · tribute_sent a jugador 5 |
| 50:26 | Oni.JorDan_AoE · tribute_sent a jugador 6 |
| 50:26 | Oni.JorDan_AoE · tribute_sent a jugador 7 |
| 50:26 | Oni.JorDan_AoE · tribute_sent a jugador 8 |
| 52:32 | Oni.dogao · resign |
[ AI ANALYSIS · 1 CREDIT ]
What really happened in this match?
Wolo.gg analyzes every decision: build order, eco, micro, common mistakes by bracket. Personalized analysis on WhatsApp or Discord in 30 seconds.
Civ guide
Persians
Map guide
Karsts
Perfil
Jugador #2090225